 Dungeon Crawl Stone Soup version 0.25-a0-705-ge9988fc0fb (webtiles) character file.

Game seed: 3012865905974709000, levelgen mode: deterministic

98 urbispavel the Cudgeler (level 4, -1/40 HPs)
             Began as a Minotaur Berserker on Apr 4, 2020.
             Was a Believer of Trog.
             Slain by an adder (3 damage)
             ... on level 2 of the Dungeon.
             The game lasted 00:12:44 (979 turns).

urbispavel the Cudgeler (Minotaur Berserker)         Turns: 979, Time: 00:12:45

Health: -1/40      AC:  6    Str: 22    XL:     4   Next: 43%
Magic:  3/3        EV: 12    Int:  4    God:    Trog [**....]
Gold:   89         SH:  0    Dex: 10    Spells: 3/3 levels left

rFire    . . .     SeeInvis .   a - +0 mace
rCold    . . .     Gourm    .   (no shield)
rNeg     + . .     Faith    .   e - +0 ring mail
rPois    .         Spirit   .   (helmet restricted)
rElec    .         Reflect  .   o - +0 cloak
rCorr    +         Harm     .   (no gloves)
MR       .....                  (no boots)
Stlth    ..........             (no amulet)
HPRegen  0.13/turn              g - ring of resist corrosion
MPRegen  0.08/turn              h - ring of positive energy

@: berserk cooldown, slowed, very slow
A: retaliatory headbutt, horns 2
a: Berserk, Trog's Hand, Renounce Religion


You were on level 2 of the Dungeon.
You worshipped Trog.
Trog was pleased with you.
You were not hungry.

You visited 1 branch of the dungeon, and saw 2 of its levels.

You collected 89 gold pieces.

Inventory:

Hand Weapons
 a - a +0 mace (weapon)
Armour
 e - a +0 ring mail (worn)
 o - a +0 cloak (worn)
Jewellery
 g - a ring of resist corrosion (left hand)
 h - a ring of positive energy (right hand)
Scrolls
 j - a scroll of enchant armour {unknown}
 n - 2 scrolls of identify {unknown}
 q - a scroll of teleportation {unknown}
Potions
 d - a potion of mutation {unknown}
 i - 2 potions of curing {unknown}
 k - a potion of resistance {unknown}
 l - a potion of ambrosia {unknown}
 m - a potion of degeneration {unknown}
 p - a potion of flight {unknown}
Comestibles
 c - a ration
 f - 20 chunks of flesh


   Skills:
 - Level 4.2 Fighting
 + Level 5.1 Maces & Flails
 + Level 3.0 Armour
 - Level 3.0 Dodging


You had 3 spell levels left.
You didn't know any spells.
Your spell library was empty.

Dungeon Overview and Level Annotations

Branches:
Dungeon (2/15)

Altars:


Innate Abilities, Weirdness & Mutations

You reflexively headbutt those who attack you in melee.
You have a pair of horns on your head.


Message History

Eating one of 21 chunks of flesh.
You eat one of the 21 chunks of flesh.
This raw flesh tastes terrible.
An adder comes into view.
The adder hisses angrily.
The adder bites you but does no damage.
Found a runed helmet.
You miss the adder. You headbutt the adder.
The adder is lightly wounded.
The adder closely misses you. The adder bites you.
* * * LOW HITPOINT WARNING * * *
You hit the adder. Your headbutt misses the adder.
The adder is moderately wounded.
The adder closely misses you. The adder misses you.
You miss the adder.
The adder is moderately wounded.
The adder bites you but does no damage. x2
You sock the adder! Your headbutt misses the adder.
The adder is severely wounded.
The adder bites you.
You die...

#### ####### ##..
..... ... ...### ##
#.# #...< ..
###.#######..# .#
.....(....#..#####$.#
#..÷.....÷.....@.#
#.###.....)÷####S..#
#.# #>..###.# .#....#
#.# ##.## #.# .. ....
#.# #.# #.# ... ..#
#.# #.# #.# ..[. ..
#.# #.# ..# ..##. #
#.# #.# ### #.# .#
##.# .#


You could see an adder.

Vanquished Creatures
  Robin (D:2)
  An adder (D:2)
  An ooze (D:1)
  4 dart slugs (D:1)
  A leopard gecko (D:1)
  A ball python (D:2)
  4 bats
  5 giant cockroaches (D:1)
  13 goblins
  8 hobgoblins
  9 jackals
  A kobold (D:1)
  2 frilled lizards (D:1)
  3 rats
54 creatures vanquished.

Notes
Turn   | Place    | Note
-------+----------+-------------------------------------------
     0 | D:1      | urbispavel the Minotaur Berserker began the quest for the
                  | Orb.
     0 | D:1      | Reached XP level 1. HP: 19/19 MP: 0/0
    54 | D:1      | Reached XP level 2. HP: 14/27 MP: 1/1
    59 | D:1      | Reached skill level 4 in Maces & Flails
   480 | D:1      | Reached XP level 3. HP: 21/33 MP: 2/2
   498 | D:1      | Reached ** piety under Trog
   884 | D:1      | You fall into a shaft and drop 1 floor!
   884 | D:2      | Noticed Robin
   886 | D:2      | Killed Robin
   889 | D:2      | Reached XP level 4. HP: 40/40 MP: 3/3
   939 | D:2      | Reached skill level 5 in Maces & Flails
   968 | D:2      | HP: 2/40 [poisoned by an adder]
   976 | D:2      | HP: 1/40 [adder (3)]
   979 | D:2      | Slain by an adder

Levels and vault maps discovered:
D:1:      saegor_arrival_simple_b, layout_basic, minmay_pentomino_s2
D:2:      layout_loops_ring, first_ration, uniq_sigmund, uniq_robin

Skill      XL: |  1  2  3  4 |
---------------+-------------+-----
Maces & Flails | 4 5 |  5.1
Fighting       | 4 |  4.2
Dodging        | 3 |  3.0
Armour         | 3 |  3.0

Action                   |  1- 3 |  4- 6 || total
-------------------------+-------+-------++-------
Melee: Mace              |    76 |    25 ||   101
       Headbutt          |     5 |     4 ||     9
Invok: Berserk           |     1 |     1 ||     2
  Eat: Chunk             |       |     2 ||     2
Armor: Animal skin       |     4 |       ||     4
       Skin              |     2 |     1 ||     3
       Ring mail         |       |    16 ||    16
Dodge: Dodged            |    73 |    25 ||    98

Table legend:
 A = Non-vault XP
 B = Vault XP
 C = Vault XP percentage of total XP
 D = Non-vault monster count
 E = Vault monster count
 F = Vault count percentage of total count
                 A         B        C        D         E       F
            +---------+---------+-------+---------+---------+-------
      Total |      96 |      44 |  31.4 |      41 |      13 |  24.1
            +---------+---------+-------+---------+---------+-------
        D:1 |      66 |       7 |   9.6 |      31 |       1 |   3.1
        D:2 |      30 |      37 |  55.2 |      10 |      12 |  54.5
            +---------+---------+-------+---------+---------+-------
